 Dungeon Crawl Stone Soup version 0.31-a0-986-g5e6e4ef867 (webtiles) character file.

Game seed: 1061527555907573372

3264 gelatine the Chopper (level 9, -10/68 HPs)
             Began as a Demonspawn Fighter on Nov 24, 2023.
             Mangled by a komodo dragon (22 damage)
             ... on level 8 of the Dungeon.
             The game lasted 00:19:06 (7786 turns).

gelatine the Chopper (Demonspawn Fighter)           Turns: 7786, Time: 00:19:08

Health: -10/68     AC: 10    Str: 20    XL:     9   Next: 68%
Magic:  11/11      EV: 13    Int: 11    God:
Gold:   360        SH:  9    Dex: 12    Spells: 11/11 levels left

rFire   . . .        o - +5 war axe (freeze)
rCold   + . .        c - +0 buckler
rNeg    + . .        i - +3 leather armour
rPois   .            (helmet restricted)
rElec   .            (no cloak)
rCorr   .            H - +1 pair of gloves
SInv    .            (no boots)
Will    .....        u - amulet of the acrobat
Stlth   +            n - ring of positive energy
HPRegen 0.31/turn    e - ring of protection from cold
MPRegen 0.12/turn

%: acrobat
@: no status effects
A: horns 1, slimy green scales 1, powered by death 1, condensation shield
a: no special abilities


You were on level 8 of the Dungeon.
You visited 2 branches of the dungeon, and saw 9 of its levels.

You collected 360 gold pieces.

Inventory:

Hand Weapons
 a - a +0 war axe
 o - a +5 war axe of freezing (weapon)
 D - a +3 hand axe of flaming
Missiles
 m - 3 javelins
 x - 5 darts of dispersal
 z - 2 boomerangs (quivered)
Armour
 b - a +0 scale mail
 c - a +0 buckler (worn)
 i - a +3 leather armour (worn)
 E - a +2 robe of positive energy
 H - a +1 pair of gloves (worn)
Jewellery
 e - a ring of protection from cold (right hand)
 n - a ring of positive energy (left hand)
 u - an amulet of the acrobat (around neck)
 G - an amulet of faith
Wands
 C - a wand of iceblast (2)
Scrolls
 h - a scroll of amnesia
 w - a scroll of immolation
 y - 2 scrolls of noise
 A - a scroll of revelation
Potions
 d - 2 potions of might
 f - 3 potions of brilliance
 g - a potion of haste
 j - 4 potions of curing
 k - 3 potions of magic
 l - 2 potions of cancellation
 q - 2 potions of ambrosia {unknown}
 r - a potion of degeneration {unknown}
 s - 2 potions of resistance {unknown}
 t - a potion of mutation {unknown}
 v - 5 potions of attraction {unknown}
 F - 3 potions of heal wounds {unknown}


   Skills:
 + Level 5.1 Fighting
 + Level 7.5 Axes
 + Level 2.0 Throwing
 + Level 4.9 Armour
 * Level 6.0 Dodging
 + Level 0.9 Stealth
 + Level 5.1 Shields
 * Level 1.5 Spellcasting
 * Level 2.0 Evocations


You had 11 spell levels left.
You didn't know any spells.
Your spell library contained the following spells:

 Spells                   Type           Power      Damage    Failure   Level
 Freeze                   Ice            0%         1d3       41%         1
 Ensorcelled Hibernation  Hex/Ice        0%         N/A       54%         2
 Jinxbite                 Hex            0%         N/A       54%         2
 Static Discharge         Conj/Air       0%         3-3/arc   54%         2
 Sublimation of Blood     Necr           0%         N/A       54%         2
 Frozen Ramparts          Ice            0%         1d1       78%         3
 Hailstorm                Conj/Ice       0%         3d3       78%         3
 Ozocubu's Armour         Ice            0%         N/A       78%         3
 Volatile Blastmotes      Fire/Tloc      0%         2d10      78%         3
 Airstrike                Air            0%         2d(0-16)  99%         4
 Anguish                  Hex/Necr       0%         N/A       99%         4
 Fulminant Prism          Conj/Hex       0%         3d5       99%         4
 Iskenderun's Mystic Bla  Conj/Tloc      0%         2d3       99%         4
 Petrify                  Tmut/Erth      0%         N/A       99%         4
 Summon Lightning Spire   Summ/Air       0%         N/A       99%         4
 Irradiate                Conj/Tmut      0%         3d11      100%        5
 Ozocubu's Refrigeration  Ice            0%         4d7       100%        7


Dungeon Overview and Level Annotations

Branches:
Dungeon (8/15)             Temple (1/1) D:4            Lair (0/5) D:8

Altars:
Ashenzari
Cheibriados
Dithmenos
Fedhas
Gozag
Hepliaklqana
Kikubaaqudgha
Makhleb
Nemelex Xobeh
Okawaru
Qazlal
Ru
Sif Muna
Trog
Uskayaw
Vehumet
Wu Jian
Xom
Yredelemnul

Annotations:
D:6 Maggie


Innate Abilities, Weirdness & Mutations

You have a pair of small horns on your head.
You are partially covered in slimy green scales. (AC +2)
You regenerate a little health from kills.
A meltable shield of frost defends you. (SH +4)


Message History

The wyvern bites the plant!
The plant begins to die.
Found 8 gold pieces.
The wyvern bites the plant.
The plant begins to die.
The wyvern bites the plant!
The komodo dragon bites the plant!!
The wyvern bites the plant!!
The plant begins to die.
The wyvern bites the plant!!
The plant begins to die.
The komodo dragon bites something!!
The wyvern bites the plant.
A nearby plant withers and dies.
A nearby plant withers and dies.
You block the wyvern's attack.
You hit the wyvern but do no damage. You headbutt the wyvern.
The wyvern is moderately wounded.
The wyvern bites you. You block the wyvern's attack.
The wyvern attacks as it pursues you! The wyvern barely misses you. x2
You hit the wyvern. You freeze the wyvern. Your headbutt misses the wyvern.
The wyvern is heavily wounded.
The wyvern bites you!
You slash the wyvern! You freeze the wyvern.
You kill the wyvern!
Your Dodging skill increases to level 6!
Your Evocations skill increases to level 2!
The komodo dragon misses you.
The komodo dragon attacks as it pursues you!
The komodo dragon misses you.
You hit the komodo dragon but do no damage.
The komodo dragon bites you!
You slice the komodo dragon!! You freeze the komodo dragon!
You headbutt the komodo dragon.
The komodo dragon is severely wounded.
The komodo dragon bites you!
You barely miss the komodo dragon.
You headbutt the komodo dragon, but do no damage.
The komodo dragon is severely wounded.
The komodo dragon closely misses you.
You slash the komodo dragon! You freeze the komodo dragon.
You headbutt the komodo dragon, but do no damage.
The komodo dragon is almost dead.
The komodo dragon bites you!!
* * * LOW HITPOINT WARNING * * *
The komodo dragon bites you!!
You die... *PPPll.PPP....#

#.##.##.
*PPPPPP.).....#####.##..#.
*P..PP.....$#...........#.
*#.P...P...#####..........
**#.....##* #...P..P...
###.##.# ##..........
#....# #..P......P. ####l#
#........... #@##
#..)........ #..#
#..P......P.
##.#####..........
#..........P..P...
#..####...........
#........##....#.#
#..#.).<...#####.*
#..#.##.##.# *,*
#..#.##.#*.# *,*


You could see a komodo dragon.

Vanquished Creatures
  Prince Ribbit (D:8)
  Grinder (D:6)
  A wyvern (D:8)
  Eustachio (D:6)
  Duvessa (D:4)
  A water moccasin (D:7)
  2 orc warriors
  2 sky beasts
  2 centaurs
  3 phantoms
  Blork the orc (D:4)
  3 bullfrogs
  2 scorpions
  3 wights (D:6)
  Dowan (D:4)
  6 killer bees (D:8)
  A howler monkey (D:8)
  3 hounds
  A jelly (D:5)
  2 orc priests
  Natasha (thrice) (D:4)
  2 iguanas
  8 orc wizards
  6 gnolls
  6 adders
  A shadow imp (D:5)
  A white imp (D:8)
  4 ufetubi
  A worm (D:3)
  2 dart slugs
  33 orcs
  3 ball pythons
  5 endoplasms
  3 giant cockroaches
  7 goblins
  8 hobgoblins
  A quokka (D:1)
  4 bats (D:1)
  5 frilled lizards
  2 kobolds (D:1)
  2 rats
  A spectral goblin (D:1)
146 creatures vanquished.

Notes
Turn   | Place    | Note
-------+----------+-------------------------------------------
     0 | D:1      | gelatine the Demonspawn Fighter began the quest for the
                  | Orb.
     0 | D:1      | Reached XP level 1. HP: 18/18 MP: 1/1
   278 | D:1      | Gained mutation: You regenerate a little health from kills.
                  | [demonic ancestry]
   278 | D:1      | Reached XP level 2. HP: 23/24 MP: 2/2
   322 | D:1      | Found a faded altar of an unknown god.
   362 | D:1      | Reached skill level 2 in Axes
   976 | D:2      | Reached XP level 3. HP: 24/29 MP: 3/3
  1147 | D:2      | Reached skill level 1 in Dodging
  1428 | D:2      | Gained mutation: A meltable shield of frost defends you.
                  | (SH +4) [demonic ancestry]
  1428 | D:2      | Reached XP level 4. HP: 35/35 MP: 4/4
  1927 | D:3      | Found a broken altar of Ashenzari.
  2220 | D:3      | Reached skill level 3 in Axes
  2467 | D:4      | Noticed Duvessa
  2467 | D:4      | Noticed Dowan
  2642 | D:4      | Reached XP level 5. HP: 41/41 MP: 5/5
  2771 | D:4      | You fall into a shaft and drop 3 floors!
  2797 | D:7      | Noticed an orc warrior
  2809 | D:7      | Killed an orc warrior
  2895 | D:7      | Reached XP level 6. HP: 21/47 MP: 6/6
  3042 | D:7      | Reached skill level 4 in Axes
  3047 | D:7      | HP: 2/47 [orc/+2 hand axe of flaming (1)]
  3627 | D:6      | Noticed Maggie
  3644 | D:6      | Noticed Grinder
  3661 | D:6      | Killed Grinder
  3662 | D:6      | Reached XP level 7. HP: 23/54 MP: 7/7
  3668 | D:5      | Entered Level 5 of the Dungeon
  3814 | D:5      | Found a burning altar of Makhleb.
  3991 | D:5      | Reached skill level 5 in Axes
  4146 | D:4      | Killed Dowan
  4147 | D:4      | Reached skill level 1 in Throwing
  4185 | D:4      | Killed Duvessa
  4186 | D:4      | Gained mutation: You are partially covered in slimy green
                  | scales. (AC +2) [demonic ancestry]
  4186 | D:4      | Reached XP level 8. HP: 9/61 MP: 8/8
  4230 | D:4      | Noticed Blork the orc
  4234 | D:4      | Killed Blork the orc
  4378 | D:4      | Found a staircase to the Ecumenical Temple.
  4390 | Temple   | Entered the Ecumenical Temple
  4559 | D:4      | Noticed Natasha
  4563 | D:4      | Killed Natasha
  4644 | D:4      | Noticed Natasha
  4650 | D:4      | Killed Natasha
  4662 | D:4      | Noticed Natasha
  4672 | D:4      | Killed Natasha
  4685 | D:4      | Found a sacrificial altar of Ru.
  4898 | D:5      | Reached skill level 6 in Axes
  5805 | D:6      | Found a bloodstained altar of Trog.
  6160 | D:6      | Gained mutation: You have a pair of small horns on your
                  | head. [demonic ancestry]
  6160 | D:6      | Reached XP level 9. HP: 63/66 MP: 9/9
  6408 | D:6      | Noticed Eustachio
  6421 | D:6      | Reached skill level 5 in Dodging
  6421 | D:6      | Killed Eustachio
  6929 | D:7      | Reached skill level 7 in Axes
  6929 | D:7      | Reached skill level 1 in Evocations
  7378 | D:8      | Reached skill level 5 in Fighting
  7476 | D:8      | Found an ancient bone altar of Kikubaaqudgha.
  7554 | D:8      | Reached skill level 5 in Shields
  7554 | D:8      | Reached skill level 1 in Spellcasting
  7708 | D:8      | Noticed Prince Ribbit
  7735 | D:8      | Killed Prince Ribbit
  7759 | D:8      | Found a staircase to the Lair.
  7760 | D:8      | Noticed a komodo dragon
  7786 | D:8      | Mangled by a komodo dragon

Illustrated notes

Levels and vault maps discovered:
D:1:      wheals_arrival_shading, layout_loops_cross,
          dreamdust_ecumenical_altar_drowned_temple,
          chequers_serial_rivers_micro_d, minmay_quantized
D:2:      layout_loops_ring, minmay_misc_feat_hallway, palyth_stone_intersect,
          due_unseen_surprise
D:3:      layout_basic, nicolae_ashenzari_panopticon
D:4:      cheibrodos_pilgrimage, layout_cave_pools, kennysheep_mini,
          temple_green, hangedman_abyss_or_decor_stagger, uniq_natasha,
          uniq_blork_the_orc, uniq_duvessa
D:5:      layout_basic, mainiacjoe_overflow_paths, mainiacjoe_overflow_boulevard
D:6:      layout_loops_corners, lemuel_crystal_altar, uniq_grinder, uniq_maggie,
          uniq_eustachio
D:7:      layout_cave_pods
D:8:      layout_loops_ring, mainiacjoe_overflow_cross_hatched,
          david_lair_shrubbed, serial_rivers, chequers_serial_rivers_small_3,
          chequers_serial_rivers_micro_e, chequers_serial_rivers_large_a,
          chequers_serial_rivers_marsh, chequers_serial_rivers_small_b,
          minmay_misc_feat_plants, uniq_prince_ribbit1
Temple:   minmay_temple_bridge_d

Skill      XL: |  1  2  3  4  5  6  7  8  9 |
---------------+----------------------------+-----
Axes           | 2 3 4 5 6 7 |  7.5
Armour         | 3 4 |  4.9
Dodging        | 1 2 3 4 6 |  6.0
Shields        | 3 4 5 |  5.1
Fighting       | 4 5 |  5.1
Throwing       | 1 2 |  2.0
Evocations     | 2 |  2.0
Spellcasting   | 1 |  1.5
Stealth        | |  0.9

Action                     |  1- 3 |  4- 6 |  7- 9 || total
---------------------------+-------+-------+-------++-------
  Melee: War axe           |   123 |   124 |    72 ||   319
         Hand axe          |       |    48 |   232 ||   280
         Headbutt          |       |       |    13 ||    13
  Throw: Dart              |       |     1 |       ||     1
         Javelin           |       |       |     6 ||     6
         Boomerang         |       |       |    17 ||    17
  Evoke: Wand              |       |       |     6 ||     6
    Use: Scroll            |       |     4 |    11 ||    15
         Potion            |       |     3 |     2 ||     5
 Armour: Scale mail        |   119 |   114 |    35 ||   268
         Skin              |       |     4 |     2 ||     6
         Leather armour    |       |       |   168 ||   168
  Dodge: Dodged            |    74 |    58 |   161 ||   293
  Block: Buckler           |    28 |    81 |   165 ||   274

Table legend: (Time is in decaauts)
 A = Elapsed time spent in this place.
 B = Non-inter-level travel time spent in this place.
 C = Inter-level travel time spent in this place.
 D = Time resting spent in this place.
 E = Time spent auto-exploring this place.
 F = Levels seen in this place.
 G = Mean time per level.
                   A        B        C        D        E       F      G
               +--------+--------+--------+--------+--------+-----+--------+
         Total |   7930 |   7407 |    523 |      0 |   5656 |   9 |  881.1 |
       Dungeon |   7791 |   7400 |    391 |      0 |   5656 |   8 |  973.9 |
        Temple |    138 |      6 |    132 |      0 |      0 |   1 |  138.0 |
               +--------+--------+--------+--------+--------+-----+--------+

Top non-repeatable levels by time:
     D:5: 1386 daAuts
     D:6: 1289 daAuts
     D:7: 1256 daAuts
     D:3: 934 daAuts
     D:1: 916 daAuts
     D:2: 800 daAuts
     D:4: 782 daAuts
     D:8: 425 daAuts
  Temple: 138 daAuts
